 Dungeon Crawl Stone Soup version bcrawl-1.37.1 (webtiles) character file.

Game seed: 2884207229166649562

180239 diana the Cudgeler (level 4, -1/41 HPs)
             Began as a Sand Dwarf Gladiator on Oct 16, 2022.
             Killed from afar by an orc wizard (5 damage)
             ... with a magic dart
             ... on level 3 of the Dungeon.
             The game lasted 00:01:50 (1155 turns).

diana the Cudgeler (Sand Dwarf Gladiator)           Turns: 1155, Time: 00:01:51

Health: -1/41      AC:  6    Str: 25    XL:     4   Next: 62%
Magic:  4/4        EV: 15    Int:  8    God:
Gold:   157        SH:  0    Dex: 12    Spells: 3/3 levels left

rFire    . . .     GDR:     26% a - +0 flail
rCold    . . .     SeeInvis .   (shield restricted)
rNeg     . . .     Gourm    .   b - +0 leather armour
rPois    .         Faith    .   c - +0 helmet
rElec    .         Spirit   .   (no cloak)
rCorr    .         Reflect  .   p - +0 pair of gloves
MR       .....                  k - +0 pair of boots (curse)
Stlth    +.........             (no amulet)
HPRegen  0.16/turn              q - +5 ring of strength
MPRegen  0.09/turn              (no ring)

@: slow
A: small, slowness 1, armour attunement
a: no special abilities


You were on level 3 of the Dungeon.
You were hungry.

You visited 1 branch of the dungeon, and saw 3 of its levels.

You collected 157 gold pieces.

Inventory:

Hand Weapons
 a - a +0 flail (weapon)
Missiles
 d - 3 throwing nets {=f}
Armour
 b - a +0 leather armour (worn)
 c - a +0 helmet (worn)
 k - a cursed +0 pair of boots (worn)
 p - a +0 pair of gloves (worn)
 u - a +0 cloak
Jewellery
 q - a +5 ring of strength (left hand)
Scrolls
 h - a scroll of teleportation {unknown}
 i - 3 scrolls of identify
 m - a scroll of fear {unknown}
 o - a scroll of magic mapping {unknown}
 s - a scroll of remove curse {unknown}
Potions
 f - 2 potions of heal wounds
 g - 2 potions of haste {unknown}
 j - a potion of curing {unknown}
 l - a potion of agility {unknown}
 n - a potion of experience {unknown}
 r - a potion of brilliance {unknown}
Comestibles
 e - 3 rations {!d}


   Skills:
 + Level 4.4 Fighting
 + Level 5.3 Maces & Flails
 - Level 2.0 Throwing
 + Level 2.2 Armour
 + Level 3.0 Dodging


You had 3 spell levels left.
You didn't know any spells.
Your spell library contained the following spells:

 Spells                   Type           Power        Failure   Level  Hunger
 Apportation              Tloc           #.....       41%         1    None
 Corona                   Hex            #......      41%         1    None
 Infusion                 Chrm           #.......     41%         1    None
 Sandblast                Erth           #.....       41%         1    None
 Slow                     Hex            #.......     41%         1    None
 Summon Butterflies       Summ           #.......     41%         1    None


Dungeon Overview and Level Annotations

Branches:
Dungeon (3/12)

Altars:
Uskayaw
Wu Jian


Innate Abilities, Weirdness & Mutations

You are small and have problems with some larger weapons.
You cover ground slowly.
Armour does not affect your spellcasting.


Message History

You closely miss the orc wizard.
The orc wizard hits you but does no damage.
You miss the orc wizard.
The orc wizard gestures at you while chanting.
The magic dart hits you.
You closely miss the orc wizard.
The orc wizard points at you and mumbles some strange words.
The magic dart hits you.
* * * LOW HITPOINT WARNING * * *
An orc comes into view. It is wielding a +0 short sword.
You barely miss the orc wizard. The orc wizard completely misses you.
You closely miss the orc wizard.
The orc wizard gestures at you while chanting.
The magic dart hits you!
* * * LOW HITPOINT WARNING * * *
You hit the orc wizard.
The orc wizard is moderately wounded.
The orc wizard points at you and mumbles some strange words.
The magic dart hits you.
You die...

#.# #.#
#.# #.#
#.# #.#
#.# #.#
#@# #o#
..o.o.oo#
.o...####
..##


You could see an orc wizard and 2 orcs.

Vanquished Creatures
  An orc priest (D:3)
  An ooze (D:2)
  A worm (D:2)
  3 dart slugs
  4 leopard geckos
  A ball python (D:1)
  5 bats
  2 giant cockroaches (D:1)
  4 goblins (D:2)
  A hobgoblin (D:2)
  2 jackals (D:2)
  5 kobolds
  A quokka (D:2)
  2 frilled lizards (D:2)
  5 rats
38 creatures vanquished.

Notes
Turn   | Place    | Note
-------+----------+-------------------------------------------
     0 | D:1      | diana the Sand Dwarf Gladiator began the quest for the Orb.
     0 | D:1      | Reached XP level 1. HP: 19/19 MP: 1/1
    41 | D:1      | Reached XP level 2. HP: 12/27 MP: 2/2
   190 | D:1      | Reached skill level 1 in Armour
   641 | D:2      | Reached XP level 3. HP: 33/33 MP: 3/3
   710 | D:2      | Reached skill level 5 in Maces & Flails
  1003 | D:2      | Found an ornate altar of the Wu Jian Council.
  1003 | D:2      | Found a hide-covered altar of Uskayaw.
  1150 | D:3      | Reached XP level 4. HP: 15/41 MP: 4/4
  1155 | D:3      | Killed from afar by an orc wizard

Skill      XL: |  1  2  3 |
---------------+----------+-----
Armour         | 1 2 |  2.2
Fighting       | 4 |  4.4
Maces & Flails | 5 |  5.3
Dodging        | 3 |  3.0
Throwing       | |  2.0

Action                   |  1- 3 |  4- 6 || total
-------------------------+-------+-------++-------
Melee: Flail             |   110 |     6 ||   116
  Eat: Chunk             |     4 |       ||     4
Armor: Leather armour    |    35 |       ||    35
Dodge: Dodged            |    92 |     1 ||    93
